 Dungeon Crawl Stone Soup version 0.20.1-1-g8b1a95d (webtiles) character file.

189 protoss039 the Chopper (level 5, -2/48 HPs)
             Began as a Minotaur Monk on July 25, 2017.
             Slain by Grinder (3 damage)
             ... while paralysed by Grinder
             ... on level 3 of the Dungeon.
             The game lasted 00:05:57 (2182 turns).

protoss039 the Chopper (Minotaur Monk)              Turns: 2182, Time: 00:05:58

Health: -2/48      AC:  8    Str: 16    XL:     5   Next: 40%
Magic:  4/4        EV:  2    Int:  7    God:
Gold:   143        SH:  0    Dex: 13    Spells: 4/4 levels left

rFire    . . .     SeeInvis .   a - +0 hand axe
rCold    + . .     Gourm    .   (no shield)
rNeg     . . .     Faith    .   g - +0 chain mail
rPois    .         Spirit   .   (helmet restricted)
rElec    .         Reflect  .   (no cloak)
rCorr    .         Harm     .   (no gloves)
MR       .....                  (no boots)
Stlth    ..........             (no amulet)
Regen    0.2/turn               (no ring)
MPRegen  0.1/turn               (no ring)

@: paralysed
A: retaliatory headbutt, claws 1, horns 2, cold resistance 1
a: no special abilities


You were on level 3 of the Dungeon.
You were not hungry.

You visited 1 branch of the dungeon, and saw 3 of its levels.

You collected 143 gold pieces.

Inventory:

Hand Weapons
 a - a +0 hand axe (weapon)
Armour
 b - a +0 robe
 g - a +0 chain mail (worn)
Jewellery
 n - an uncursed amulet of regeneration {unknown}
Wands
 t - a wand of polymorph (14/24)
Scrolls
 d - a scroll of teleportation {unknown}
 e - 2 scrolls of amnesia {unknown}
 f - a scroll of immolation {unknown}
 i - a scroll of enchant armour {unknown}
 j - a scroll of remove curse {unknown}
 q - a scroll of magic mapping {unknown}
 r - a scroll of identify {unknown}
Potions
 k - a potion of degeneration {unknown}
 l - a potion of heal wounds {unknown}
 m - a potion of mutation
 p - a potion of haste {unknown}
 s - a potion of brilliance
Comestibles
 c - a bread ration


   Skills:
 + Level 5.1 Fighting
 * Level 6.4 Axes
 + Level 0.2 Armour
 - Level 3.2 Dodging
 - Level 1.5 Stealth


You had 4 spell levels left.
You didn't know any spells.

Dungeon Overview and Level Annotations

Branches:
Dungeon (3/15)

Altars:
Ru

Annotations:
D:1 1 exclusion
D:3 Grinder


Innate Abilities, Weirdness & Mutations

You reflexively headbutt those who attack you in melee.
You have a pair of horns on your head.
You have sharp fingernails.
Your flesh is cold resistant. (rC+)


Message History

Grinder is severely wounded.
Grinder blinks!
Grinder hits you but does no damage.
You hit Grinder. Your headbutt misses Grinder.
Grinder is almost dead.
Grinder gestures at you.
You suddenly lose the ability to move!
Grinder hits you. x2
You writhe in agony.
* * * LOW HITPOINT WARNING * * *
Grinder hits you!
* * * LOW HITPOINT WARNING * * *
You writhe in agony.
* * * LOW HITPOINT WARNING * * *
Grinder hits you.
* * * LOW HITPOINT WARNING * * *
Grinder hits you.
* * * LOW HITPOINT WARNING * * *
You writhe in agony.
You die...

......#....#####.#### #.#
#....##.# #...# #.# #.#.###.#
#...# #.# #.#..##.# #...# #.#
######.##.##.# #..<#######.#
....##.##.##.####.........#.##
.............................#
....#####..................#.#
....# #.##...5@............#
.#### #.#######....####.####
## #.# #....)....# #.#
#...####### ... #...# ..
##...## #.....# #.#.รท.....#
#.#.......#


You could see Grinder.

Vanquished Creatures
  Jessica (D:2)
  Natasha (twice) (D:2)
  5 adders
  An ooze (D:3)
  2 worms (D:2)
  3 dart slugs
  A ball python (D:3)
  5 giant cockroaches
  7 goblins
  8 hobgoblins
  A quokka (D:3)
  4 bats
  3 frilled lizards (D:2)
  4 kobolds
  9 rats
56 creatures vanquished.

Vanquished Creatures (others)
  A kobold (D:3)
  A rat (D:3)
2 creatures vanquished.

Grand Total: 58 creatures vanquished

Notes
Turn   | Place    | Note
-------+----------+-------------------------------------------
     0 | D:1      | protoss039 the Minotaur Monk began the quest for the Orb.
     0 | D:1      | Reached XP level 1. HP: 19/19 MP: 0/0
    53 | D:1      | Reached skill level 4 in Axes
    54 | D:1      | Reached XP level 2. HP: 26/27 MP: 1/1
   438 | D:2      | Noticed Natasha
   445 | D:2      | Noticed a crimson imp
   592 | D:2      | Reached XP level 3. HP: 22/33 MP: 2/2
   857 | D:2      | Reached skill level 5 in Axes
   886 | D:2      | Found a faded altar of an unknown god.
  1003 | D:2      | Killed Natasha
  1003 | D:2      | Reached XP level 4. HP: 41/41 MP: 3/3
  1038 | D:2      | Noticed Jessica
  1044 | D:2      | Killed Jessica
  1235 | D:2      | Found a sacrificial altar of Ru.
  1466 | D:2      | Noticed Natasha
  1471 | D:2      | Killed Natasha
  1471 | D:2      | Reached skill level 5 in Fighting
  1471 | D:2      | Reached skill level 6 in Axes
  1471 | D:2      | Reached XP level 5. HP: 40/48 MP: 4/4
  1835 | D:3      | Noticed Grinder
  1835 | D:3      | Paralysed by Grinder for 2 turns
  1865 | D:3      | Gained mutation: You have sharp fingernails. [potion of mutation]
  1865 | D:3      | Gained mutation: Your flesh is cold resistant. (rC+) [potion of mutation]
  2158 | D:3      | Paralysed by Grinder for 5 turns
  2177 | D:3      | Paralysed by Grinder for 7 turns
  2181 | D:3      | HP: 2/48 [Grinder (1)]
  2182 | D:3      | Slain by Grinder

Skill      XL: |  1  2  3  4 |
---------------+-------------+-----
Axes           | 4 5 6 |  6.4
Fighting       | 4 5 |  5.1
Armour         | |  0.2
Dodging        | |  3.2
Stealth        | |  1.5

Action                   |  1- 3 |  4- 6 || total
-------------------------+-------+-------++-------
Melee: Hand axe          |    55 |    97 ||   152
       Headbutt          |    12 |    16 ||    28
  Use: Potion            |     1 |     2 ||     3
 Stab: Sleeping          |     1 |       ||     1
  Eat: Chunk             |       |     3 ||     3
       Royal jelly       |       |     1 ||     1
Armor: Robe              |     2 |       ||     2
       Chain mail        |    22 |    65 ||    87
Dodge: Dodged            |    29 |    32 ||    61
